 Dungeon Crawl Stone Soup version 0.17-a0-802-g1f09329 (webtiles) character file.

98 namelastname112 the Conjurer (level 4, -13/33 HPs)
             Began as a Draconian Conjurer on Apr 26, 2015.
             Killed by nerve-wracking pain
             ... invoked by Grinder
              (14 damage)
             ... on level 3 of the Dungeon.
             The game lasted 00:03:54 (2491 turns).

namelastname112 the Conjurer (Draconian Conjurer)   Turns: 2491, Time: 00:03:54

Health: -13/33     AC:  5    Str: 10    XL:     4   Next: 44%
Magic:  1/9        EV:  7    Int: 16    God:
Gold:   94         SH:  0    Dex: 12    Spells: 2 memorised, 7 levels left

rFire  . . .     SeeInvis .     h - +0 dagger
rCold  . . .     Clarity  .     (armour unavailable)
rNeg   . . .     SustAb   .     (no shield)
rPois  .         Gourm    .     (helmet restricted)
rElec  .         Spirit   .     (no cloak)
rCorr  .         Warding  .     (no gloves)
rMut   +         Stasis   .     (no boots)
MR     .....                    e - amulet of resist mutation
Stlth  ++........               k - ring of wizardry
                                g - ring of wizardry

@: flying, not resistant to hostile enchantments, unstealthy
A: unfitting armour, cold-blooded, AC +5
a: no special abilities


You were on level 3 of the Dungeon.
You were hungry.

You visited 1 branch of the dungeon, and saw 3 of its levels.

You collected 94 gold pieces.

Inventory:

Hand weapons
 h - a +0 dagger (weapon)
Jewellery
 e - an amulet of resist mutation (around neck)
 g - a ring of wizardry (left hand)
 k - a ring of wizardry (right hand)
Scrolls
 d - a scroll of teleportation {unknown}
 f - 4 scrolls of identify {unknown}
 i - a scroll of enchant armour {unknown}
 l - 2 scrolls of remove curse {unknown}
Books
 a - a book of Conjurations

   Spells                             Type                      Level
   a - Magic Dart                     Conjuration                  1
   b - Searing Ray                    Conjuration                  2
   c - Dazzling Spray                 Conjuration/Hexes            3
   d - Fulminant Prism                Conjuration/Hexes            4
   e - Iskenderun's Mystic Blast      Conjuration                  4
   f - Iskenderun's Battlesphere      Conjuration/Charms           5
Comestibles
 b - 2 bread rations
 m - a chunk of flesh


   Skills:
 - Level 1.7 Dodging
 - Level 1.7 Stealth
 + Level 3.5 Spellcasting
 + Level 4.9 Conjurations


You had 7 spell levels left.
You knew the following spells:

 Your Spells              Type           Power        Failure   Level  Hunger
a - Searing Ray           Conj           ###...       1%          2    ##.....
z - Magic Dart            Conj           ###.         1%          1    None


Dungeon Overview and Level Annotations

Branches:
Dungeon (3/15)

Altars:
Dithmenos

Annotations:
D:3 Grinder


Innate Abilities, Weirdness & Mutations

Your plain brown scales are hard (AC +5).
Your body does not fit into most forms of armour.
You are cold-blooded and may be slowed by cold attacks.


Message History

You resist with significant effort. Grinder hits you.
* * * LOW HITPOINT WARNING * * *
You writhe in agony.
* * * LOW HITPOINT WARNING * * *
You can move again.
Unknown command.
Unknown command.
Unknown command.
There is a stone staircase leading up here.
Drink which item? (? for menu, Esc to quit)
It was a potion of flight.
You feel very buoyant.
You fly up into the air.
Grinder gestures.
Grinder blinks!
Unknown command.
Grinder gestures at you. Pain shoots through your body!
You die...

### #@# # #ยง#
... #.#
.....>###.#
......[...#
..###.###.5..#
#.#### #.# ..#


You could see Grinder.

Vanquished Creatures
  3 adders (D:2)
  An ooze (D:1)
  2 worms (D:2)
  3 giant geckos
  4 giant cockroaches
  5 goblins
  11 hobgoblins
  2 jackals (D:2)
  8 kobolds
  3 quokkas (D:2)
  3 bats
  4 giant newts
  6 rats
55 creatures vanquished.

Notes
Turn   | Place    | Note
--------------------------------------------------------------
     0 | D:1      | namelastname112, the Draconian Conjurer, began the quest for the Orb.
     0 | D:1      | Reached XP level 1. HP: 14/14 MP: 3/3
   100 | D:1      | Reached XP level 2. HP: 10/20 MP: 1/5
   169 | D:1      | Learned a level 2 spell: Searing Ray
   909 | D:1      | Reached XP level 3. HP: 15/26 MP: 4/7
  1381 | D:2      | Reached XP level 4. HP: 26/33 MP: 0/8
  1878 | D:2      | Found a shadowy altar of Dithmenos.
  2467 | D:3      | Noticed Grinder
  2476 | D:3      | Paralysed by Grinder for 4 turns
  2484 | D:3      | Paralysed by Grinder for 4 turns
  2487 | D:3      | HP: 1/33 [Grinder (6)]
  2491 | D:3      | Killed from afar by Grinder

Action                   |  1- 3 |  4- 6 || total
-------------------------+-------+-------++-------
Melee: Unarmed           |    39 |       ||    39
       Dagger            |    43 |    18 ||    61
 Cast: Magic Dart        |    79 |    37 ||   116
       Searing Ray       |       |     2 ||     2
  Use: Potion            |       |     3 ||     3
  Eat: Chunk             |     2 |     3 ||     5
